Map: Battle on the Boardwalk LE

Players

Yygdrasil - Winner!

  • Race: Terran Terran
  • League: Platinum
  • Spawn Location: 1:00

Juxtapose

  • Race: Terran Terran
  • League: Gold
  • Spawn Location: 11:00

VOD

https://youtu.be/11w01WHuUCQ

Description

My opponent played very well and definitely out-macroed me, though it was that early Gold base of his that I believe allowed him to keep on trucking. I do think that if it wasn't for this map's layout, I would have overtaken him eventually.

Regardless, I'm finding rushing doesn't work as well as I'd like on this map, so I'm going to try defence and macro myself next time.

Time

  • Played on: Dec. 25, 2017, 11:02 a.m.
  • Length: 16:53
Show
View Real Time Build Order
Export as new Build Order

Yygdrasil Terran - Winner!

Build Orders: Mech 

Get SALT Encoding   

  12  0:04  SCV  
  13  0:16  SCV  
  13  0:19  Supply Depot  
  14  0:29  SCV  
  15  0:41  Barracks  
  15  0:43  SCV  
  16  0:55  SCV  
  17  1:07  SCV  
  18  1:14  Supply Depot  
  18  1:19  SCV  
  19  1:33  SCV  
  21  1:48  Command Center  
  20  1:57  Command Center  
  20  2:02  Marine  
  21  2:16  Refinery x2  
  21  2:17  SCV  
  22  2:26  Marine  
  24  2:51  SCV  
  24  3:03  SCV  
  25  3:06  SCV  
  25  3:10  Refinery  
  26  3:32  SCV  
  27  3:35  SCV  
  27  3:36  Factory, SCV  
  29  3:44  SCV  
  30  3:50  Marine  
  31  3:56  Factory  
  31  3:59  SCV x3  
  31  4:02  Factory  
  34  4:08  Marine  
  35  4:11  SCV x3  
  38  4:20  Factory Tech Lab  
  38  4:23  SCV x3  
  41  4:24  Starport  
  41  4:26  Marine  
  42  4:35  SCV x2  
  42  4:36  SCV  
  45  4:39  Siege Tank  
  45  4:41  Widow Mine  
  45  4:43  Marine  
  45  4:44  Supply Depot  
  51  4:47  SCV  
  51  4:48  Liberator, SCV x2  
  51  4:52  Widow Mine  
  56  4:59  SCV  
  57  5:00  SCV x2  
  57  5:01  Marine  
  57  5:06  Supply Depot  
  63  5:12  Widow Mine  
  63  5:14  Siege Tank  
  68  5:16  SCV  
  68  5:21  Supply Depot  
  69  5:27  SCV  
  70  5:29  Supply Depot  
  63  5:43  Supply Depot  
  63  5:54  Medivac  
  65  5:59  Orbital Command  
  65  6:12  Engineering Bay  
  65  6:17  Engineering Bay  
  65  6:20  Refinery, Supply Depot  
  65  6:32  Marine  
  66  6:50  Marine  
  67  6:55  SCV x2  
  67  6:58  Siege Tank  
  67  6:59  Widow Mine x2  
  76  7:07  SCV  
  76  7:08  SCV  
  78  7:11  Supply Depot  
  78  7:13  Supply Depot x2  
  78  7:16  Marine  
  78  7:17  Starport Reactor  
  79  7:33  Marine  
  80  7:42  Barracks  
  77  7:46  Barracks  
  77  7:47  Barracks  
  77  7:51  Marine  
  78  8:09  Marine  
  78  8:20  Command Center  
  78  8:27  Marine  
  78  8:29  Siege Tank  
  78  8:30  Widow Mine x2  
  85  8:45  Supply Depot  
  85  8:51  Widow Mine x2  
  89  8:58  Refinery  
  89  9:00  Refinery  
  89  9:02  Widow Mine  
  91  9:13  Barracks Tech Lab  
  91  9:14  Barracks Tech Lab  
  91  9:28  Siege Tank  
  91  9:29  Widow Mine x2  
  59  10:15  Marine x4  
  59  10:18  Viking x2  
  57  10:33  Marine x4  
  61  10:37  Barracks  
  61  10:39  Barracks x3  
  61  10:41  Barracks  
  61  10:42  Barracks  
  61  10:43  Barracks  
  61  10:50  Marine  
  61  10:51  Marine x3  
  63  11:08  Marine  
  63  11:10  Marine x3  
  66  11:12  Combat Shields  
  66  11:13  Stimpack  
  66  11:21  Medivac x2  
  66  11:26  Marine  
  66  11:28  Marine x2  
  69  11:35  Engineering Bay  
  69  11:39  Marauder  
  71  11:42  SCV x2  
  71  11:43  SCV  
  71  11:44  Marine  
  71  11:45  Marine  
  71  11:46  Marauder  
  78  11:50  Marine x5  
  78  11:51  Medivac, Marine x2  
  87  11:54  SCV x2  
  87  11:55  SCV  
  87  11:59  Medivac, Marine  
  93  12:02  Marine  
  93  12:03  Marine  
  93  12:06  SCV  
  93  12:07  Marauder, SCV x2  
  93  12:08  Refinery, Marine x7  
  101  12:09  Refinery  
  101  12:14  Supply Depot  
  101  12:15  Supply Depot x2  
  107  12:17  Marine  
  107  12:18  Supply Depot, SCV  
  107  12:19  SCV x2  
  107  12:20  Marine  
  107  12:21  Marine  
  113  12:26  Marine x7  
  113  12:28  Supply Depot  
  113  12:29  Marauder  
  122  12:30  SCV  
  122  12:31  SCV x2  
  122  12:34  Barracks  
  124  12:42  Siege Tank  
  124  12:43  Widow Mine, SCV x3  
  124  12:44  Widow Mine  
  134  12:50  Engineering Bay, Armory  
  134  12:51  Medivac x2  
  138  12:53  Barracks Tech Lab x3  
  138  12:54  Barracks Tech Lab x3  
  138  13:00  Sensor Tower  
  138  13:01  Missile Turret  
  138  13:05  Widow Mine x2  
  138  13:13  Missile Turret  
  138  13:14  Siege Tank  
  141  13:21  Viking x2  
  136  13:51  Viking x2, Planetary Fortress  
  124  14:23  Marine x4  
  126  14:24  Marauder x3  
  121  14:41  Marine x2  
  121  14:42  Marauder  
  119  15:15  Factory  
  119  16:03  Supply Depot  
  119  16:04  Supply Depot  
  119  16:05  Supply Depot  
  119  16:12  Planetary Fortress  
  119  16:17  Missile Turret x2  
  119  16:25  Missile Turret  
  119  16:39  Missile Turret  
Show
View Real Time Build Order
Export as new Build Order

Juxtapose Terran 

Build Orders:  

Get SALT Encoding   

  12  0:01  SCV  
  13  0:13  SCV  
  14  0:20  Supply Depot  
  14  0:25  SCV  
  15  0:42  SCV  
  16  0:46  Barracks  
  16  0:50  Supply Depot  
  16  0:54  SCV  
  17  1:06  SCV  
  17  1:09  Refinery  
  18  1:12  Refinery  
  18  1:18  SCV  
  19  1:30  SCV  
  20  1:44  Orbital Command  
  20  1:46  Marine  
  21  1:58  Factory  
  21  2:07  Barracks Reactor  
  21  2:13  SCV  
  22  2:23  Engineering Bay  
  22  2:25  SCV  
  22  2:28  Supply Depot  
  23  2:37  SCV  
  23  2:41  Factory Reactor  
  24  2:44  Marine  
  24  2:45  Marine  
  26  2:51  Terran Infantry Weapons Level 1  
  26  2:55  Missile Turret  
  26  2:57  SCV  
  27  3:09  SCV  
  27  3:10  Marine x2  
  30  3:16  Supply Depot  
  30  3:20  Cyclone x2  
  30  3:21  SCV  
  36  3:30  Marine x2  
  38  3:48  Marine x2  
  38  3:52  Cyclone x2  
  46  4:03  Supply Depot  
  46  4:06  Marine  
  47  4:17  Supply Depot  
  47  4:24  Cyclone, Marine x2  
  47  4:25  Cyclone  
  55  4:42  Marine x2  
  57  4:55  Command Center  
  57  4:57  Terran Infantry Armor Level 1  
  57  5:00  Marine  
  58  5:14  Marine  
  58  5:18  Marine  
  60  5:38  Marine x2  
  54  5:56  Marine  
  54  5:57  SCV  
  56  6:04  Starport  
  56  6:09  SCV  
  53  6:11  Orbital Command  
  57  6:18  Refinery  
  57  6:21  SCV  
  58  6:27  Barracks  
  50  6:52  Viking  
  50  6:59  SCV  
  47  7:06  Refinery, Marine x2  
  48  7:11  SCV  
  48  7:15  Armory  
  49  7:16  Barracks Tech Lab  
  49  7:22  Viking  
  48  7:23  Starport, SCV  
  51  7:35  SCV  
  52  7:45  Missile Turret  
  52  7:47  SCV  
  53  7:55  Marine  
  53  7:56  Marine  
  53  7:57  Combat Shields  
  55  7:59  SCV  
  55  8:03  Starport Reactor x2  
  56  8:11  SCV  
  57  8:23  SCV  
  57  8:24  Marine x3  
  61  8:35  SCV  
  62  8:42  Marine  
  62  8:46  Liberator x2  
  62  8:47  Liberator  
  63  8:49  SCV  
  64  9:01  SCV  
  65  9:05  Marine x3  
  77  9:13  SCV  
  78  9:17  Stimpack  
  78  9:18  Supply Depot  
  78  9:21  Liberator  
  78  9:36  Marine, SCV x2  
  64  9:48  SCV x2  
  64  9:50  Marine x2  
  64  9:52  Cyclone  
  71  9:54  Marine  
  53  10:08  Marine x2  
  55  10:20  Marine  
  56  10:22  Cyclone  
  56  10:24  Cyclone  
  56  10:25  Marine  
  56  10:26  Marine  
  63  10:38  Marine  
  64  10:43  Marine x2  
  66  10:53  Liberator  
  66  10:54  Liberator  
  66  10:56  Marine  
  67  11:01  Marine x2  
  62  11:14  Marine  
  62  11:19  Marine x2  
  60  11:31  Marine  
  61  11:34  SCV x2  
  61  11:37  Marine x2  
  61  11:39  Terran Vehicle Weapons Level 1  
  65  11:43  Medivac  
  65  11:46  SCV x2  
  69  11:49  Marine  
  70  11:55  Marine x2  
  70  11:58  SCV  
  73  12:08  Cyclone x2  
  73  12:09  Command Center  
  73  12:11  Viking  
  81  12:27  Marine x3  
  84  12:44  Marine  
  84  12:45  Marine  
  86  13:07  Marine x2  
  86  13:13  Marine  
  84  13:25  Marine x2  
  84  13:27  Planetary Fortress  
  86  13:30  Marine  
  86  13:43  Marine x2  
  81  13:48  Marine  
  83  14:06  Marine  
Tags
 
Composition
Mech
Matchup
TvT
Race
Terran
Spawn Locations
Close Positions
Add a new tag
Caveats
  • Supply blocks, unpowered buildings, or Contaminate may cause inaccurate times.
  • Supply counts are checked every 10 seconds.